 Dungeon Crawl Stone Soup version 0.21.0-3-g78d12a8 (webtiles) character file.

20130 letownia2 the Martial Artist (level 12, -3/69 HPs)
             Began as a Vine Stalker Wizard on Jan 12, 2018.
             Was an Initiate of Gozag.
             Slain by a red draconian
             ... wielding a +0 halberd of flaming
              (18 damage)
             ... in a volcano.
             The game lasted 00:33:41 (10407 turns).

letownia2 the Martial Artist (Vine Stalker Wizard) Turns: 10407, Time: 00:33:42

Health: -3/69      AC:  5    Str: 14    XL:     12   Next: 76%
Magic:  0/25       EV: 12    Int: 18    God:    Gozag
Gold:   2109       SH:  0    Dex: 14    Spells: 19/28 levels left

rFire    + . .     SeeInvis .   a - +9 sword of Zonguldrok {reap}
rCold    x . .     Gourm    .   (no shield)
rNeg     . . .     Faith    .   y - +1 leather armour {rPois}
rPois    +         Spirit   +   b - +0 hat
rElec    .         Reflect  .   W - scarf {cloud immunity}
rCorr    .         Harm     .   g - +0 pair of gloves
MR       +....                  (no boots)
Stlth    ++........             (no amulet)
HPRegen  1.01/turn              p - ring of wizardry
MPRegen  0.19/turn              B - ring of fire

@: no status effects
A: fangs 3, regeneration 2, magic shield, antimagic bite, no potion heal 3, rot
immunity
a: Potion Petition, Call Merchant, Bribe Branch, Renounce Religion


You were in a volcano.
You worshipped Gozag.
Gozag was most pleased with you.
You were not hungry.

You visited 3 branches of the dungeon, and saw 13 of its levels.
You also visited: Volcano.

You collected 2192 gold pieces.
You paid 83 gold pieces to Gozag.

Inventory:

Hand Weapons
 a - the +9 sword of Zonguldrok (weapon) {reap}
   (You found it on level 5 of the Dungeon)

   If a monster killed with it leaves a corpse in good enough shape, the corpse
   will be animated as a zombie friendly to the killer.
 C - a +0 dagger of protection
 I - a +1 blowgun
 J - a +0 hunting sling
 P - a +2 halberd of venom
 Q - a +4 morningstar of freezing
Missiles
 F - 43 poisoned needles
 K - 17 sling bullets
Armour
 b - a +0 hat (worn)
 g - a +0 pair of gloves (worn)
 k - a +0 ring mail
 y - a +1 leather armour of poison resistance (worn)
 W - a scarf of cloud immunity (worn)
Magical Staves
 m - an uncursed staff of death
 E - an uncursed staff of cold
Jewellery
 p - a ring of wizardry (left hand)
 r - a +4 ring of dexterity
 B - a ring of fire (right hand)
 T - a +2 ring of intelligence
Wands
 u - a wand of enslavement (10)
 A - a wand of flame (33)
 M - a wand of acid (7)
 R - a wand of iceblast (3)
Scrolls
 e - 2 scrolls of fog
 i - 6 scrolls of identify
 j - 4 scrolls of enchant weapon
 o - 4 scrolls of teleportation {unknown}
 s - 3 scrolls of amnesia {unknown}
 t - 4 scrolls of blinking {unknown}
 w - 5 scrolls of remove curse
 z - a scroll of immolation {unknown}
 H - a scroll of enchant armour {unknown}
 O - a scroll of random uselessness {unknown}
 V - a scroll of summoning {unknown}
Potions
 f - 4 potions of magic {unknown}
 h - 5 potions of curing
 q - 4 potions of might {unknown}
 v - 2 potions of berserk rage
 x - a potion of cancellation
 D - a potion of brilliance
 N - 3 potions of flight {unknown}
 U - a potion of haste
Books
 c - a book of Minor Magic

   Spells                             Type                      Level
   a - Magic Dart                     Conjuration                  1
   b - Blink                          Translocation                2
   c - Call Imp                       Summoning                    2
   d - Slow                           Hexes                        2
   e - Conjure Flame                  Conjuration/Fire             3
   f - Mephitic Cloud                 Conjuration/Poison/Air       3
 L - a book of Transfigurations

   Spells                             Type                      Level
   a - Irradiate                      Conjuration/Transmutation    5
   b - Statue Form                    Transmutation/Earth          6
   c - Hydra Form                     Transmutation                6
   d - Dragon Form                    Transmutation                7
Comestibles
 d - 6 rations


   Skills:
 + Level 10.9 Fighting
 - Level 2.1 Armour
 - Level 1.6 Dodging
 - Level 2.4 Stealth
 + Level 12.4 Unarmed Combat
 - Level 8.8 Spellcasting
 - Level 5.1 Conjurations
   Level 1.0 Summonings
 - Level 1.0 Translocations
 - Level 1.4 Fire Magic
 - Level 1.0 Air Magic
 - Level 1.0 Poison Magic


You had 19 spell levels left.
You knew the following spells:

 Your Spells              Type           Power        Failure   Level  Hunger
a - Magic Dart            Conj           ####         1%          1    None
b - Blink                 Tloc           N/A          4%          2    None
c - Conjure Flame         Conj/Fire      ####....     3%          3    None
e - Mephitic Cloud        Conj/Pois/Air  ###.....     4%          3    None


Dungeon Overview and Level Annotations

Branches:
Dungeon (11/15)            Temple (0/1) D:5            Lair (1/6) D:11
    Orc (1/2) D:11

Altars:
Ashenzari
Cheibriados
Elyvilon
Fedhas
Gozag
Hepliaklqana
Kikubaaqudgha
Uskayaw
Vehumet
Wu Jian
Xom

Shops:
D:8 ?   D:9 [

Annotations:
Lair:1 feelmyfire's ghost, journeyman HOAK


Innate Abilities, Weirdness & Mutations

You have razor-sharp teeth.
You heal very quickly.
When hurt, damage is shared between your health and your magic reserves.
Your bite disrupts and absorbs the magic of your enemies.
Potions cannot restore your health.
You are immune to rotting.


Message History

The red draconian is engulfed in noxious fumes.
The red draconian breathes flames at you.
The searing blast hits you! You resist.
Unknown command.
You are too injured to fight recklessly!
You are too injured to fight recklessly!
You barely miss the red draconian. Your punch misses the red draconian.
The red draconian is moderately wounded.
The red draconian is engulfed in noxious fumes.
The red draconian hits you with a halberd of flaming!
* * * LOW HITPOINT WARNING * * *
The red draconian burns you.
* * * LOW HITPOINT WARNING * * *
You slash the red draconian!
The red draconian is moderately wounded.
The red draconian is engulfed in noxious fumes.
The red draconian appears confused.
The red draconian hits you with a halberd of flaming!!
You die...
Your body crumbles into a pile of gold.

## ####
#8###.§##
#§#§.##d#
#d###@##
≈.#8####$##.#
§§cb.∩.(###§##
≈c#8#####8##.#
##.###§#.#
##.#..##.##
#.####..## #.#
#### #.#


You could see a red draconian (confused).

Vanquished Creatures
  2 two-headed ogres (D:11)
  An orc high priest (D:11)
  2 orc sorcerers (Orc:1)
  Joseph (D:8)
  A yaktaur (Volcano)
  A troll (D:7)
  A hornet (D:11)
  Sigmund (D:6)
  2 hippogriffs
  4 yaks (D:10)
  8 fire bats (Volcano)
  A steam dragon (D:7)
  3 vampire mosquitoes (D:9)
  Edmund (D:4)
  2 hell hounds (D:11)
  2 water moccasins
  8 orc warriors
  A sky beast (D:11)
  3 ice beasts
  5 black bears
  4 wolves (Lair:1)
  3 centaurs
  7 ogres
  A crocodile (Lair:1)
  2 big kobolds
  4 bullfrogs
  A wyvern skeleton (D:7)
  3 scorpions
  A killer bee (Volcano)
  3 wights (D:10)
  A howler monkey (D:8)
  4 crimson imps
  3 bullfrog zombies
  5 hounds
  6 lava snakes (Volcano)
  7 orc wizards
  A gnoll shaman (D:10)
  2 bullfrog skeletons
  6 iguanas
  12 orc priests
  3 worker ants
  A statue (D:6)
  A killer bee zombie (D:6)
  A hound zombie (D:8)
  5 gnolls
  10 adders
  3 shadow imps
  An ooze (D:2)
  An adder zombie (D:6)
  An adder skeleton (D:8)
  A worm (D:3)
  A dart slug (D:1)
  A leopard gecko (D:4)
  41 orcs
  5 giant cockroaches
  10 goblins
  5 hobgoblins
  12 jackals
  12 kobolds
  5 quokkas
  3 ball pythons
  6 bats
  2 frilled lizards (D:3)
  A leopard gecko skeleton (D:4)
  5 rats
263 creatures vanquished.

Vanquished Creatures (others)
  An ogre (Orc:1)
1 creature vanquished.

Grand Total: 264 creatures vanquished

Notes
Turn   | Place    | Note
-------+----------+-------------------------------------------
     0 | D:1      | letownia2 the Vine Stalker Wizard began the quest for the Orb.
     0 | D:1      | Reached XP level 1. HP: 9/9 MP: 5/5
   390 | D:1      | Reached XP level 2. HP: 9/13 MP: 1/7
   711 | D:4      | Noticed an ogre
   846 | D:4      | Reached XP level 3. HP: 15/16 MP: 3/8
   859 | D:4      | Learned a level 3 spell: Mephitic Cloud
   862 | D:4      | Learned a level 2 spell: Blink
   981 | D:4      | Gained mutation: Your natural rate of healing is unusually fast. [Vine Stalker growth]
   981 | D:4      | Reached XP level 4. HP: 16/21 MP: 3/9
  1042 | D:4      | Killed an ogre
  1042 | D:4      | Reached XP level 5. HP: 24/24 MP: 1/10
  1088 | D:4      | Noticed Edmund
  1090 | D:4      | Noticed an orc warrior
  1144 | D:4      | Found a hide-covered altar of Uskayaw.
  1317 | D:3      | Reached skill level 5 in Conjurations
  1617 | D:3      | Reached skill level 1 in Air Magic
  1617 | D:3      | Reached skill level 1 in Poison Magic
  1689 | D:4      | Found an opulent altar of Gozag.
  1704 | D:4      | Found a hazy altar of Hepliaklqana.
  1722 | D:4      | Reached skill level 1 in Fighting
  1722 | D:4      | Reached XP level 6. HP: 30/30 MP: 3/12
  2147 | D:4      | Became a worshipper of Gozag Ym Sagoz the Greedy
  2457 | D:3      | Found a blossoming altar of Fedhas.
  2548 | D:2      | Learned a level 3 spell: Conjure Flame
  3786 | D:3      | Killed an orc warrior
  3786 | D:3      | Reached skill level 1 in Armour
  3786 | D:3      | Reached skill level 1 in Fire Magic
  4084 | D:4      | Reached XP level 7. HP: 34/34 MP: 6/14
  4221 | D:4      | Killed Edmund
  4355 | D:5      | Entered Level 5 of the Dungeon
  4511 | D:5      | Reached skill level 5 in Spellcasting
  4586 | D:5      | Found the +9 sword of Zonguldrok {reap}
  4612 | D:5      | Found a staircase to the Ecumenical Temple.
  4821 | D:5      | Found a shimmering altar of Xom.
  4954 | D:5      | Found a white marble altar of Elyvilon.
  5263 | D:6      | Gained mutation: You have razor-sharp teeth. [Vine Stalker growth]
  5263 | D:6      | Reached XP level 8. HP: 37/39 MP: 14/17
  5300 | D:6      | Found a radiant altar of Vehumet.
  5363 | D:6      | Found an ornate altar of the Wu Jian Council.
  5681 | D:6      | Noticed Sigmund
  5693 | D:6      | Killed Sigmund
  5865 | D:7      | Found a shattered altar of Ashenzari.
  5950 | D:7      | Found an ancient bone altar of Kikubaaqudgha.
  6353 | D:7      | Found a snail-covered altar of Cheibriados.
  6368 | D:7      | Reached XP level 9. HP: 36/44 MP: 18/22
  6521 | D:8      | Noticed Joseph
  6532 | D:8      | Noticed a troll
  6599 | D:7      | Killed a troll
  6599 | D:7      | Reached skill level 5 in Fighting
  6643 | D:8      | Killed Joseph
  6752 | D:8      | Found Paholo's Magic Scroll Shop.
  7070 | D:9      | Found Hahe's Antique Armour Emporium.
  7306 | D:9      | Found a shattered altar of Ashenzari.
  7454 | D:9      | Reached skill level 1 in Unarmed Combat
  7454 | D:9      | Reached XP level 10. HP: 53/56 MP: 21/23
  7746 | D:10     | Entered Level 10 of the Dungeon
  7754 | D:10     | Reached skill level 3 in Unarmed Combat
  7942 | D:10     | Reached skill level 4 in Unarmed Combat
  8169 | D:10     | Reached skill level 5 in Unarmed Combat
  8193 | D:10     | Reached skill level 6 in Unarmed Combat
  8602 | D:11     | Noticed a two-headed ogre
  8615 | D:11     | Killed a two-headed ogre
  8615 | D:11     | Reached skill level 7 in Unarmed Combat
  8688 | D:11     | Reached skill level 8 in Unarmed Combat
  8959 | D:11     | Reached skill level 9 in Unarmed Combat
  8959 | D:11     | Reached XP level 11. HP: 60/60 MP: 24/24
  8962 | D:11     | Found a staircase to the Orcish Mines.
  9099 | D:11     | Found a staircase to the Lair.
  9105 | D:11     | Noticed a two-headed ogre
  9141 | D:11     | Killed a two-headed ogre
  9169 | D:11     | Reached skill level 10 in Unarmed Combat
  9440 | Lair:1   | Entered Level 1 of the Lair of Beasts
  9461 | Lair:1   | Noticed feelmyfire's ghost (journeyman HOAK)
  9534 | Orc:1    | Entered Level 1 of the Orcish Mines
  9537 | Orc:1    | Noticed an orc sorcerer
  9541 | Orc:1    | Paralysed by an orc sorcerer for 6 turns
  9548 | Orc:1    | Noticed an orc sorcerer
  9629 | Orc:1    | Paralysed by an orc sorcerer for 7 turns
  9728 | Orc:1    | Killed an orc sorcerer
  9744 | Orc:1    | Noticed an orc high priest
  9823 | Orc:1    | Noticed an orc knight
  9877 | D:11     | Killed an orc high priest
  9901 | D:11     | Reached skill level 10 in Fighting
  9901 | D:11     | Reached skill level 12 in Unarmed Combat
  9901 | D:11     | Gained mutation: You heal very quickly. [Vine Stalker growth]
  9901 | D:11     | Reached XP level 12. HP: 62/68 MP: 25/25
  9962 | Orc:1    | Found a dark tunnel.
  9970 | Volcano  | Entered a volcano
 10385 | Volcano  | Noticed a red draconian
 10407 | Volcano  | Slain by a red draconian

Skill      XL: |  1  2  3  4  5  6  7  8  9 10 11 |
---------------+----------------------------------+-----
Conjurations   | 2 3 4 5 |  5.1
Air Magic      | 1 |  1.0
Poison Magic   | 1 |  1.0
Fighting       | 1 2 3 8 10 | 10.9
Armour         | 1 2 |  2.1
Spellcasting   | 4 5 8 |  8.8
Fire Magic     | 1 |  1.4
Unarmed Combat | 1 9 12 | 12.4
Dodging        | |  1.6
Stealth        | |  2.4
Summonings     | |  1.0
Translocations | |  1.0

Action                   |  1- 3 |  4- 6 |  7- 9 | 10-12 || total
-------------------------+-------+-------+-------+-------++-------
Melee: Unarmed           |     5 |       |       |       ||     5
       Bite              |     4 |    29 |    71 |    65 ||   169
       Dagger            |    15 |   119 |   149 |       ||   283
       Staff             |       |     2 |       |       ||     2
       Double sword      |       |       |   129 |   238 ||   367
       Punch             |       |       |       |    10 ||    10
 Cast: Magic Dart        |    46 |    75 |    22 |    48 ||   191
       Mephitic Cloud    |     1 |    15 |    15 |    29 ||    60
       Blink             |       |     6 |     2 |    10 ||    18
       Conjure Flame     |       |     1 |     6 |    12 ||    19
Evoke: Wand              |       |       |     1 |     9 ||    10
  Use: Scroll            |       |       |     5 |     7 ||    12
       Potion            |       |       |       |     1 ||     1
 Stab: Confused          |     1 |     2 |    13 |     7 ||    23
       Sleeping          |     1 |       |       |     4 ||     5
       Distracted        |       |       |       |     2 ||     2
  Eat: Chunk             |       |     6 |       |       ||     6
       Ration            |       |     2 |     3 |     4 ||     9
Armor: Leather armour    |    14 |    95 |    49 |    58 ||   216
       Ring mail         |       |       |    36 |       ||    36
Dodge: Dodged            |    29 |   147 |   147 |   185 ||   508
       Rpst.: Double sword |       |       |    22 |    56 ||    78
